 Dungeon Crawl Stone Soup version 0.20.1-1-g8b1a95d (webtiles) character file.

231 Nidhoragg the Cudgeler (level 6, 0/38 HPs)
             Began as a Gargoyle Monk on Sept 13, 2017.
             Was a Believer of Dithmenos.
             Killed by divine providence
             ... invoked by an orc priest
              (15 damage)
             ... on level 4 of the Dungeon on Sept 14, 2017.
             The game lasted 00:13:45 (2539 turns).

Nidhoragg the Cudgeler (Gargoyle Monk)              Turns: 2539, Time: 00:13:45

Health: 0/38       AC: 12    Str: 15    XL:     6   Next: 4%
Magic:  6/6        EV: 13    Int: 11    God:    Dithmenos [**....]
Gold:   111        SH:  0    Dex: 13    Spells: 5/5 levels left

rFire    . . .     SeeInvis .   a - +0 mace
rCold    . . .     Gourm    .   (no shield)
rNeg     + . .     Faith    .   h - +3 leather armour
rPois    ∞         Spirit   .   (no helmet)
rElec    +         Reflect  .   o - +0 cloak
rCorr    .         Harm     .   (no gloves)
MR       .....                  (no boots)
Stlth    ++++......             (no amulet)
Regen    0.2/turn               e - ring of stealth
MPRegen  0.1/turn               p - +1 ring of protection

@: wreathed by umbra
A: negative energy resistance 1, electricity resistance, unbreathing,
petrification resistance, rot immunity, AC +4
a: Shadow Step, Renounce Religion


You were on level 4 of the Dungeon.
You worshipped Dithmenos.
Dithmenos was pleased with you.
You were hungry.

You visited 1 branch of the dungeon, and saw 4 of its levels.

You collected 111 gold pieces.

Inventory:

Hand Weapons
 a - a +0 mace (weapon)
Armour
 b - a +1 robe
 h - a +3 leather armour (worn)
 o - a +0 cloak (worn)
Jewellery
 e - a ring of stealth (left hand)
 p - a +1 ring of protection (right hand)
Scrolls
 f - 3 scrolls of teleportation {unknown}
 i - a scroll of enchant armour
 q - 2 scrolls of amnesia
 r - a scroll of enchant weapon {unknown}
Potions
 g - a potion of lignification
 k - a potion of invisibility
 l - a potion of brilliance
 n - a potion of agility {unknown}
Comestibles
 c - 5 bread rations
 d - 2 royal jellies
 j - 2 fruits
 m - 3 chunks of flesh


   Skills:
 + Level 3.8 Fighting
 + Level 4.2 Maces & Flails
 + Level 2.0 Armour
 + Level 3.4 Dodging
 + Level 3.7 Stealth


You had 5 spell levels left.
You didn't know any spells.

Dungeon Overview and Level Annotations

Branches:
Dungeon (4/15)
 Temple: D:4-7

Altars:
Ashenzari
Dithmenos
Qazlal
Ru
Trog


Innate Abilities, Weirdness & Mutations

You are resistant to torment.
Your stone body is resilient. (AC +4)
You are immune to poison.
You resist negative energy. (rN+)
You are resistant to electric shocks. (rElec)
You can survive without breathing.
You are immune to petrification.
You are immune to rotting.


Message History

The orc wizard is healed somewhat.
The orc misses you. The orc barely misses you.
The orc wizard casts a spell.
The orc wizard blinks!
The orc wizard closely misses you.
You hit the orc wizard.
The orc wizard is heavily wounded.
The orc wizard gestures at you while chanting.
The magic dart hits you!
The orc hits you from afar with a trident.
The orc wizard casts a spell at you. The magic dart hits you!
The orc hits you but does no damage.
The orc priest calls upon Beogh to heal the orc.
The orc's wounds heal themselves!
The orc misses you.
The orc wizard mumbles some strange words.
The orc wizard seems to speed up.
The orc priest invokes the aid of Beogh against you.
Beogh smites you!
You die...

##..##..#... #.#
###..##..#.####.
#.#
#...............
#^#
###.###oo#.#####
#.#
......ooo#...
..# ###.###o##
### ### .# #.#
#.# #@# #.....#
#######


You could see an orc priest, 3 orc wizards and 2 orcs.

Vanquished Creatures
  The ghost of Thjof the Magician, an amateur HuWz of the Shining One (D:3)
  Crazy Yiuf (D:3)
  5 adders
  3 gnolls (D:3)
  A dart slug (D:2)
  2 leopard geckos
  7 bats
  3 giant cockroaches
  6 goblins
  4 hobgoblins
  2 jackals (D:2)
  5 kobolds
  A quokka (D:1)
  2 ball pythons
  3 frilled lizards
  6 rats
52 creatures vanquished.

Notes
Turn   | Place    | Note
-------+----------+-------------------------------------------
     0 | D:1      | Nidhoragg the Gargoyle Monk began the quest for the Orb.
     0 | D:1      | Reached XP level 1. HP: 14/14 MP: 1/1
   283 | D:1      | Reached XP level 2. HP: 19/19 MP: 2/2
   905 | D:2      | Found a bloodstained altar of Trog.
   911 | D:2      | Reached XP level 3. HP: 23/23 MP: 3/3
   944 | D:2      | Found a sacrificial altar of Ru.
  1193 | D:2      | Reached XP level 4. HP: 27/28 MP: 4/4
  1373 | D:3      | Found a shadowy altar of Dithmenos.
  1380 | D:3      | Found a stormy altar of Qazlal.
  1384 | D:3      | Found a shattered altar of Ashenzari.
  1398 | D:3      | Reached skill level 1 in Armour
  1624 | D:3      | Became a worshipper of Dithmenos the Shadowed
  1624 | D:3      | Reached * piety under Dithmenos
  1624 | D:3      | Reached ** piety under Dithmenos
  1810 | D:3      | Noticed Thjof's ghost (amateur HuWz)
  1857 | D:3      | Reached XP level 5. HP: 29/32 MP: 5/5
  1919 | D:3      | Killed Thjof's ghost
  1919 | D:3      | Reached skill level 4 in Maces & Flails
  2019 | D:3      | Found a runed door.
  2075 | D:3      | Noticed Crazy Yiuf
  2086 | D:3      | Killed Crazy Yiuf
  2086 | D:3      | Reached XP level 6. HP: 17/38 MP: 6/6
  2404 | D:3      | Found a faded altar of an unknown god.
  2539 | D:4      | Killed from afar by an orc priest

Skill      XL: |  1  2  3  4  5 |
---------------+----------------+-----
Stealth        | 3 |  3.7
Armour         | 1 2 |  2.0
Dodging        | 3 |  3.4
Maces & Flails | 4 |  4.2
Fighting       | |  3.8

Action                   |  1- 3 |  4- 6 || total
-------------------------+-------+-------++-------
Melee: Mace              |   118 |   130 ||   248
  Use: Scroll            |     7 |     1 ||     8
 Stab: Sleeping          |     8 |     5 ||    13
  Eat: Chunk             |     1 |     4 ||     5
Armor: Robe              |     2 |       ||     2
       Leather armour    |    80 |    53 ||   133
Dodge: Dodged            |    88 |   133 ||   221
